 Dungeon Crawl Stone Soup version 0.18.1-6-gd335043 (webtiles) character file.

383 Jerry the Covered (level 6, -4/45 HPs)
             Began as a Demigod Fighter on May 17, 2016.
             Slain by an ice beast (11 damage)
             ... on level 5 of the Dungeon.
             The game lasted 00:09:34 (4002 turns).

Jerry the Covered (Demigod Fighter)                 Turns: 4002, Time: 00:09:35

Health: -4/45      AC:  5    Str: 28    XL:     6   Next: 22%
Magic:  8/8        EV:  8    Int: 12    God:
Gold:   305        SH: 11    Dex: 15    Spells: 0 memorised, 5 levels left

rFire  . . .     SeeInvis .     y - +0 mace
rCold  . . .     Gourm    .     b - +0 scale mail
rNeg   . . .     Faith    .     c - +0 shield
rPois  .         Spirit   .     (helmet restricted)
rElec  .         Dismiss  .     (no cloak)
rCorr  .         Reflect  .     w - +0 pair of gloves
SustAt +         Harm     .     (no boots)
MR     .....                    (no amulet)
Stlth  ..........               (no ring)
                                (no ring)

@: mighty, not resistant to hostile enchantments, extremely unstealthy
A: horns 1, deformed body, frail 1, high mp 1, sustain attributes
a: no special abilities


You were on level 5 of the Dungeon.
You were not hungry.

You visited 1 branch of the dungeon, and saw 5 of its levels.

You collected 305 gold pieces.

Inventory:

Hand Weapons
 y - a +0 mace (weapon)
Armour
 b - a +0 scale mail (worn)
 c - a +0 shield (worn)
 w - a +0 pair of gloves (worn)
Magical Staves
 l - an uncursed staff of fire {unknown}
Scrolls
 e - a scroll of blinking
 h - a scroll of teleportation
 m - 2 scrolls of magic mapping {unknown}
 o - 5 scrolls of identify
 r - 2 scrolls of enchant armour {unknown}
 s - 2 scrolls of enchant weapon {unknown}
 t - 4 scrolls of remove curse {unknown}
Potions
 k - a potion of heal wounds {unknown}
 n - a potion of brilliance
 q - a potion of cancellation {unknown}
 v - a potion of haste {unknown}
Books
 a - a book of Flames

   Spells                             Type                      Level
   a - Flame Tongue                   Conjuration/Fire             1
   b - Throw Flame                    Conjuration/Fire             2
   c - Conjure Flame                  Conjuration/Fire             3
   d - Inner Flame                    Hexes/Fire                   3
   e - Sticky Flame                   Conjuration/Fire             4
   f - Fireball                       Conjuration/Fire             5
 j - a Fen Folio

   Spells                             Type                      Level
   a - Corpse Rot                     Necromancy                   2
   b - Stone Arrow                    Conjuration/Earth            3
   c - Leda's Liquefaction            Hexes/Earth                  4
   d - Summon Forest                  Summoning/Translocation      5
   e - Hydra Form                     Transmutation                6
   f - Summon Hydra                   Summoning                    7
 u - a book of Conjurations

   Spells                             Type                      Level
   a - Magic Dart                     Conjuration                  1
   b - Searing Ray                    Conjuration                  2
   c - Dazzling Spray                 Conjuration/Hexes            3
   d - Fulminant Prism                Conjuration/Hexes            4
   e - Iskenderun's Mystic Blast      Conjuration                  4
   f - Iskenderun's Battlesphere      Conjuration/Charms           5
Comestibles
 f - 3 bread rations
 g - a slice of pizza
 i - a beef jerky
 z - a meat ration


   Skills:
 - Level 2.6 Fighting
 - Level 1.7 Maces & Flails
 + Level 5.1 Armour
 + Level 5.0 Shields


You had 5 spell levels left.
You didn't know any spells.

Dungeon Overview and Level Annotations

Branches:
Dungeon (5/15)
 Temple: D:4-7

Shops:
D:4 (


Innate Abilities, Weirdness & Mutations

You have an increased reservoir of magic (+10% MP).
Your attributes are resistant to harm.
You have a pair of small horns on your head.
Armour fits poorly on your strangely shaped body.
You are frail (-10% HP).


Message History

The ice beast hits you. The ice beast freezes you!
* * * LOW HITPOINT WARNING * * *
The ice beast hits you but does no damage.
You are too injured to fight recklessly!
You are too injured to fight recklessly!
Drink which item? (? for menu, Esc to quit)
You feel very mighty all of a sudden. The ice beast completely misses you.
You barely miss the ice beast. You headbutt the ice beast!
The ice beast is almost dead.
The ice beast closely misses you.
You closely miss the ice beast.
The ice beast is almost dead.
You block the ice beast's attack.
Your shield and scale mail prevent you from hitting the ice beast.
The ice beast is almost dead.
The ice beast hits you.
* * * LOW HITPOINT WARNING * * *
The ice beast freezes you!
You die...

.#..##............#....#
.#...#............#....#
.#.#.#............#....#
.#.#.#............######
.#.#.#...#######.##
.#.............#.#
.###..#.######.#.# ..
.........#.###.#.# #. .
#####....#.....#@#.. ..
######...#.#####Y#.# ...
#......>.........#.#....
#.#####.................
#.# #.#.....#.........
#.# #.#..#.##.........
#.#####.#..#.##.........
#.....#.#..#.##.........
#.###.#.####.##.........


You could see an ice beast.

Vanquished Creatures
  A scorpion (D:4)
  An orc wizard (D:4)
  A giant frog skeleton (D:5)
  2 worker ants (D:5)
  A hound skeleton (D:5)
  9 adders
  An adder skeleton (D:4)
  2 worms (D:2)
  4 dart slugs
  2 giant geckos (D:1)
  18 orcs
  A ball python (D:1)
  2 giant cockroaches
  7 goblins
  5 hobgoblins
  13 jackals
  A quokka (D:3)
  19 bats
  4 giant newts
  5 kobolds
  A quokka skeleton (D:5)
  A quokka zombie (D:5)
  9 rats
110 creatures vanquished.

Notes
Turn   | Place    | Note
--------------------------------------------------------------
     0 | D:1      | Jerry the Demigod Fighter began the quest for the Orb.
     0 | D:1      | Reached XP level 1. HP: 18/18 MP: 3/3
    44 | D:1      | Reached XP level 2. HP: 10/25 MP: 4/4
   622 | D:1      | Reached XP level 3. HP: 30/30 MP: 5/5
  1409 | D:2      | Found a stormy altar of Qazlal.
  1409 | D:2      | Found a glowing silver altar of Zin.
  1411 | D:2      | Found a bloodstained altar of Trog.
  1414 | D:2      | Found a deep blue altar of Sif Muna.
  1750 | D:2      | Reached XP level 4. HP: 37/37 MP: 6/6
  2584 | D:3      | Gained mutation: Armour fits poorly on your strangely shaped body. [potion of mutation]
  2584 | D:3      | Gained mutation: You have a pair of small horns on your head. [potion of mutation]
  2584 | D:3      | Gained mutation: You are frail (-10% HP). [potion of mutation]
  2681 | D:4      | Reached XP level 5. HP: 31/37 MP: 7/7
  2985 | D:4      | Found Uhymuss's Antique Weapon Boutique.
  3376 | D:4      | Found a shattered altar of Ashenzari.
  3376 | D:4      | Found a snail-covered altar of Cheibriados.
  3394 | D:5      | Entered Level 5 of the Dungeon
  3812 | D:5      | Reached skill level 5 in Armour
  3812 | D:5      | Reached XP level 6. HP: 40/45 MP: 8/8
  3870 | D:5      | Reached skill level 5 in Shields
  4002 | D:5      | Slain by an ice beast

Skill      XL: |  1  2  3  4  5  6 |
---------------+-------------------+-----
Shields        | 3 4 5 |  5.0
Armour         | 3 4 5 |  5.1
Fighting       | |  2.6
Maces & Flails | |  1.7

Action                   |  1- 3 |  4- 6 || total
-------------------------+-------+-------++-------
Melee: Flail             |    77 |       ||    77
       Whip              |   118 |   127 ||   245
       Mace              |       |   158 ||   158
       Headbutt          |       |    40 ||    40
  Use: Scroll            |       |     5 ||     5
       Potion            |       |     5 ||     5
 Stab: Invisible         |       |     1 ||     1
  Eat: Chunk             |     3 |     8 ||    11
Armor: Scale mail        |    74 |   145 ||   219
Dodge: Dodged            |    48 |    93 ||   141
Block: Shield            |   127 |   202 ||   329
